 Dungeon Crawl Stone Soup version 0.15-a0-1506-g1b030bc (console) character file.

1047 GoldenBoy the Cleaver (level 8, -1/64 HPs)
             Began as a Minotaur Fighter on June 15, 2014.
             Slain by a gnoll
             ... wielding a +0,+1 flail
              (4 damage)
             ... while paralysed by a potion of paralysis
             ... on Level 5 of the Dungeon.
             The game lasted 00:05:05 (1025 turns).

GoldenBoy the Cleaver (Minotaur Fighter)            Turns: 1025, Time: 00:05:06

HP  -1/64        AC 10     Str 24      XL: 8   Next:  5%
MP   3/3         EV  2     Int  5      God:
Gold 55          SH  0     Dex  9      Spells:  0 memorised,  7 levels left

rFire  . . .     SeeInvis .     (no weapon)
rCold  . . .     Clarity  .     p - +0 chain mail
rNeg   . . .     rCorr    .     c - +0 shield
rPois  .         rRot     .     (helmet restricted)
rElec  .         Spirit   .     (no cloak)
SustAb .         Warding  .     (no gloves)
rMut   .         Stasis   .     o - +0 pair of boots
Gourm  .                        (no amulet)
MR     .....                    (no ring)
                                (no ring)

@: paralysed, very slightly contaminated, invisible, not resistant to hostile
enchantments, extremely unstealthy
A: retaliatory headbutt, horns 2
a: no special abilities


You were on level 5 of the Dungeon.
You were not hungry.

You visited 1 branch of the dungeon, and saw 5 of its levels.

You collected 55 gold pieces.

Inventory:

Hand weapons
 a - a +0,+0 war axe
Missiles
 u - 2 throwing nets (quivered)
Armour
 b - a +0 scale mail
 c - a +0 shield (worn)
 o - a +0 pair of boots (worn)
 p - a +0 chain mail (worn)
Magical devices
 h - a wand of magic darts (6)
 i - a wand of invisibility (1)
Comestibles
 d - 2 bread rations
 f - 2 beef jerkies
 v - 2 chunks of gnoll flesh
Scrolls
 j - 2 scrolls of remove curse {unknown}
 k - a scroll of recharging {unknown}
 l - 2 scrolls of teleportation
 m - a scroll of blinking {unknown}
 n - 2 scrolls of amnesia
 q - a scroll of fear {unknown}
 r - a scroll of noise {unknown}
 t - a scroll of enchant weapon II {unknown}
Potions
 e - a potion of might


   Skills:
 - Level 3.6 Fighting
 + Level 11.3 Axes
 - Level 3.6 Armour
 - Level 3.6 Shields


You had 7 spell levels left.
You didn't know any spells.

Dungeon Overview and Level Annotations

Branches:
Dungeon (5/15)             Temple (0/1) D:4

Altars:


Innate Abilities, Weirdness & Mutations

You reflexively headbutt those who attack you in melee.
You have a pair of horns on your head.


Message History

* * * LOW HITPOINT WARNING * * *
The orc wizard gestures at you while chanting.
The puff of frost misses you. You block the orc's attack.
The orc priest looks braver.
A bat comes into view.
You completely miss the orc priest.
The orc priest is heavily wounded.
The bat moves out of view.
The orc wizard barely misses you. You furiously retaliate!
You headbutt the orc wizard!
You kill the orc wizard!
The orc hits you with a glowing flail.
* * * LOW HITPOINT WARNING * * *
The orc priest hits you but does no damage.
The orc hits you but does no damage.
You see here a bread ration.
Drink which item? (? for menu, Esc to quit)
You suddenly lose the ability to move!
It was a potion of paralysis.
The orc hits you but does no damage. The orc completely misses you.
The orc hits you but does no damage. The gnoll hits you with a flail.
You die...

#.............
#.............
#.............
#.............
#.............
#.........o....
#..............
#......o.......
#.....@.........
#.....go........
#.......)......#
#..............
#..............
#..............
...?.........
b..........
.........


You could see an orc priest, a gnoll, 2 orcs and a bat.

Vanquished Creatures
  The ghost of Amnesiac the Thrower, an experienced OgHu of Okawaru (D:5)
  A sky beast (D:5)
  An ice beast (D:5)
  Blork the orc (D:5)
  2 hounds (D:4)
  An orc priest (D:4)
  A gnoll shaman (D:5)
  3 orc wizards (D:5)
  A worker ant (D:4)
  5 gnolls (D:5)
  3 adders
  A worm (D:3)
  2 giant geckos
  An ooze (D:4)
  5 orcs
  A bat skeleton (D:4)
  3 goblins
  3 hobgoblins
  3 kobolds
  A ball python (D:5)
  A bat (D:4)
  2 rats
43 creatures vanquished.

Notes
Turn   | Place    | Note
--------------------------------------------------------------
     0 | D:1      | GoldenBoy, the Minotaur Fighter, began the quest for the Orb.
     0 | D:1      | Reached XP level 1. HP: 19/19 MP: 1/1
   159 | D:3      | Reached XP level 2. HP: 17/26 MP: 1/1
   391 | D:4      | Reached skill level 4 in Axes
   391 | D:4      | Reached XP level 3. HP: 16/31 MP: 2/2
   406 | D:3      | Reached skill level 5 in Axes
   463 | D:4      | Reached XP level 4. HP: 6/39 MP: 2/2
   600 | D:4      | Reached skill level 6 in Axes
   620 | D:4      | Reached XP level 5. HP: 28/45 MP: 2/2
   683 | D:4      | Found a staircase to the Ecumenical Temple.
   821 | D:5      | Entered Level 5 of the Dungeon
   847 | D:5      | Reached skill level 7 in Axes
   870 | D:5      | Noticed a sky beast
   883 | D:5      | Killed a sky beast
   883 | D:5      | Reached skill level 8 in Axes
   883 | D:5      | Reached XP level 6. HP: 39/51 MP: 3/3
   925 | D:5      | Noticed an ice beast
   930 | D:5      | Killed an ice beast
   932 | D:5      | Noticed Amnesiac's ghost (experienced OgHu)
   944 | D:5      | Noticed Blork the orc
   946 | D:5      | HP: 3/76 [Amnesiac's ghost (14)]
   950 | D:5      | Killed Amnesiac's ghost
   950 | D:5      | Reached skill level 10 in Axes
   950 | D:5      | Reached XP level 7. HP: 14/57 MP: 3/3
   956 | D:5      | Killed Blork the orc
   956 | D:5      | Reached skill level 11 in Axes
   956 | D:5      | Reached XP level 8. HP: 14/64 MP: 3/3
  1022 | D:5      | HP: 2/64 [orc/glowing flail (4)]
  1024 | D:5      | Paralysed by a potion of paralysis for 4 turns
  1025 | D:5      | Slain by a gnoll

Action                   |  1- 3 |  4- 6 |  7- 9 || total
-------------------------+-------+-------+-------++-------
Melee: War axe           |    38 |    62 |     5 ||   105
       Unarmed           |       |       |     7 ||     7
Evoke: Wand              |       |       |     9 ||     9
  Use: Scroll            |       |     4 |       ||     4
       Potion            |       |     3 |     3 ||     6
